Unix NetHack Version 5.0.0-0 post-release - last build May  4 2026 22:22:43 (774f63e81ad911689b3a0859ea89b322d5daca8d,branch:main).

Game began 2026-05-06 08:05:16, ended 2026-05-06 09:28:55.

246786432, lawful male dwarven Caveman

                                           ---------------
                                           |.............|          -------
                                           |.............|          |.....|
                               ############-.............|          |.....|
                                           |.............|      ####-....{|
                                       ####..............|          |.....|
     -----               ----------    #   ------.--------          ----.--
     |..%|              #..r......-#####         #                      #
     |.>.|              #|rr......|  ##          #                   ####
     |....##############!|........|   #          ####               ##
     |...|               |...r.....####             ##          ----.-------
     |...|               |...r....|    *#######`########        |...)......|
     |...|               ----------######################`#   ##|<.........|
     -----                ##########          ----------.-#   # |..........|
                                              |..........|######.%.........|
                                              |..........|  #   ------------
                                              |..........-###
                                              ------------

246786432 the Wererat    St:18 Dx:14 Co:16 In:10 Wi:10 Ch:7  Lawful
Dlvl:3  $:76 HP:0(4) Pw:7(15) AC:6  HD:2 T:3013 

Latest messages:
 You rebalance your load.  Movement is still difficult.
 What do you want to drop? [$kotAI or ?*] >
 You don't have that object.
 What do you want to drop? [$kotAI or ?*] d
 You don't have that object.
 What do you want to drop? [$kotAI or ?*] ?
 You drop a yellowish brown gem.
 Your movements are only slowed slightly by your load.
 What do you want to drop? [$otAI or ?*] d
 You don't have that object.
 What do you want to drop? [$otAI or ?*] ?
 You drop a jade ring.
 What do you want to drop? [$otA or ?*] ?
 You drop a magenta potion.
 Your movements are now unencumbered.
 You drop 76 gold pieces.
 What do you want to drop? [tA or ?*] ?
 You drop 10 darts.
 You swap places with your giant rat.
 You swap places with your giant rat.
 You swap places with your sewer rat.
 You swap places with your sewer rat.
 The sewer rat drops a dart.
 There are several objects here.
 $ - 76 gold pieces.
 You can only lift some of the 16 uncursed flint stones lying here.
 You have extreme difficulty lifting 6 uncursed flint stones.  Continue? [ynq] (q) q
 The sewer rat drops a dart.
 You see here a dart.
 You swap places with your sewer rat.
 You swap places with your giant rat.
 You swap places with your giant rat.
 There are several objects here.
 t - 9 darts.
 You swap places with your sewer rat.
 The sewer rat drops a dart.
 There's some graffiti on the floor here.
 You read: "Nurses are ?rained to ?o?ch naked persons.  they  or't na?? thcn."
 Are you sure you want to pray? [yn] (n) y
 You begin praying to Anu.
 The sewer rat picks up a dart.
 You finish your prayer.
 The voice of Anu thunders: "Thou hast angered me."
 Suddenly, a bolt of lightning strikes you!
 You fry to a crisp!
 Do you want your possessions identified? [ynq] (y) y
 Do you want to see your attributes? [ynq] (y) y
 Do you want an account of creatures vanquished? [ynaq] (y) y
 Do you want to see your conduct and achievements? [ynq] (y) y
 Do you want to see the dungeon overview? [ynq] (y) y

Inventory:
 Coins    ('$')
  $ - 76 gold pieces
 Weapons  (')')
  t - 9 +0 darts
 Gems/Stones  ('*')
  A - an uncursed worthless piece of yellowish brown glass

246786432 the Caveman's attributes:

Background:
 You were in male wererat form.
 You were actually an Aborigine, a level 4 dwarven Caveman.
 You were lawful, on a mission for Anu
 who was opposed by Ishtar (neutral) and Anshar (chaotic).
 You were normally left-handed.
 You were in the Dungeons of Doom, on level 3.
 You entered the dungeon 3013 turns ago.

Basics:
 You had 0 out of 4 hit points.
 You had 7 out of 15 energy points (spell power).
 You had 2 hit dice.
 Your armor class was 6.
 Your wallet contained 76 zorkmids.
 Autopickup was off.

Final Characteristics:
 Your strength was 18.
 Your dexterity was 14.
 Your constitution was 16.
 Your intelligence was 10.
 Your wisdom was 10.
 Your charisma was 7.

Final Status:
 You were transformed.
 You weren't hungry.
 You were unencumbered.
 You weren't wielding anything.
 You had basic skill with bare handed combat.
 You weren't wearing any armor.

Final Attributes:
 You were piously aligned.
 You were poison resistant.
 You were level-drain resistant.
 You regenerated.
 You were a wererat in beast form.
 You were harmed by silver.
 You were very unlucky.
 Anu was angry with you.
 You are dead.

Miscellaneous:
 You didn't encounter any bones levels.
 Total elapsed playing time was 1 hour, 23 minutes and 38 seconds.

Major events:
 Turn
    1: 246786432 the lawful dwarven Caveman entered the dungeon
  879: attained the rank of Aborigine (level 3)
 2170: entered the Gnomish Mines
 3013: killed by the wrath of Anu

You didn't know any spells.

Skills:
 Fighting Skills
   bare handed combat [Basic]
 Weapon Skills
   dagger             [Unskilled]
   knife              [Unskilled]
   axe                [Unskilled]
   pick-axe           [Unskilled]
   club               [Basic]
   mace               [Unskilled]
   morning star       [Unskilled]
   flail              [Unskilled]
   hammer             [Unskilled]
   quarterstaff       [Unskilled]
   polearms           [Unskilled]
   spear              [Unskilled]
   trident            [Unskilled]
   bow                [Unskilled]
   sling              [Basic]
   boomerang          [Unskilled]
   unicorn horn       [Unskilled]
 Spellcasting Skills
   attack spells      [Unskilled]
   matter spells      [Unskilled]

Voluntary challenges:
 Character rerolling was not enabled.
 You were illiterate.
 You never genocided any monsters.
 You never polymorphed an object.
 You used no wishes.
Achievements:
 You entered a shop.
 You attained the rank of Aborigine.
 You entered the Gnomish Mines.

 The Dungeons of Doom: levels 1 to 4
    Level 1:
    Level 2:
       A general store, a fountain, a grave.
       Stairs down to The Gnomish Mines.
    Level 3: <- You were here.
       A sink.
       Final resting place for
          you, killed by the wrath of Anu.
    Level 4:
       A fountain.
 The Gnomish Mines:
    Level 3:


Vanquished creatures:
  2 dwarf zombies
  6 iguanas
  2 gas spores
  4 giant rats
  a yellow mold
  a green mold
  a red mold
  a gnome
  a gnome zombie
  2 geckos
  9 jackals
  a fox
  a kobold
  5 goblins
  a sewer rat
  4 grid bugs
  3 lichens
  a kobold zombie
  a newt
47 creatures vanquished.

No species were genocided or became extinct.

Game over:
                       ----------
                      /          \
                     /    REST    \
                    /      IN      \
                   /     PEACE      \
                  /                  \
                  |    246786432     |
                  |      76 Au       |
                  |  killed by the   |
                  |   wrath of Anu   |
                  |                  |
                  |                  |
                  |       2026       |
                 *|     *  *  *      | *
        _________)/\\_//(\/(/\)/\//\/|_)_______

Goodbye 246786432 the Caveman...

You died in The Dungeons of Doom on dungeon level 3 with 807 points,
and 76 pieces of gold, after 3013 moves.
You were level 4 with a maximum of 37 hit points when you died.

